 Dungeon Crawl Stone Soup version 0.28.0 (webtiles) character file.

Game seed: 9947600412750138966

2391 ytrimaz the Cutter (level 9, -2/69 HPs)
             Began as a Demonspawn Fighter on Feb 11, 2022.
             Was a Believer of Okawaru.
             Killed from afar by an electric eel (6 damage)
             ... with a bolt of electricity
             ... on level 6 of the Dungeon.
             The game lasted 00:07:59 (7090 turns).

ytrimaz the Cutter (Demonspawn Fighter)             Turns: 7090, Time: 00:07:59

Health: -2/69      AC:  7    Str: 27    XL:     9   Next: 22%
Magic:  11/13      EV: 10    Int:  9    God:    Okawaru [**....]
Gold:   405        SH: 11    Dex: 12    Spells: 4/8 levels left

rFire   . . .      SeeInvis .   w - +2 dagger (venom)
rCold   + . .      Faith    .   c - +1 buckler
rNeg    + . .      Spirit   .   d - +3 leather armour "Rauh" {rC+ Str+5}
rPois   .          Reflect  +   (helmet restricted)
rElec   .          Harm     .   (no cloak)
rCorr   .          Rampage  .   (no gloves)
Will    .....                   (no boots)
Stlth   +.........              s - amulet of reflection
HPRegen 0.21/turn               e - ring of wizardry
MPRegen 0.13/turn               t - ring of positive energy

@: very slow
A: horns 1, sharp scales 1, demonic magic 1
a: Renounce Religion, Heroism


You were on level 6 of the Dungeon.
You worshipped Okawaru.
Okawaru was pleased with you.
You visited 2 branches of the dungeon, and saw 7 of its levels.

You collected 405 gold pieces.

Inventory:

Hand Weapons
 a - a +0 rapier
 w - a +2 dagger of venom (weapon)
Missiles
 i - 3 throwing nets
Armour
 c - a +1 buckler (worn)
 d - the +3 leather armour "Rauh" (worn) {rC+ Str+5}
   (You found it on level 2 of the Dungeon)

   Str:       It affects your strength (+5).
   rC:        It protects you from cold.
Jewellery
 e - a ring of wizardry (left hand)
 s - an amulet of reflection (around neck)
 t - a ring of positive energy (right hand)
Wands
 p - a wand of flame (24)
Scrolls
 h - 2 scrolls of vulnerability
 j - 2 scrolls of amnesia
 k - a scroll of fog
 q - 2 scrolls of noise
 r - a scroll of enchant armour
 v - a scroll of teleportation
Potions
 b - 4 potions of heal wounds
 f - a potion of flight
 g - a potion of mutation
 l - a potion of invisibility {unknown}
 m - a potion of brilliance
 n - a potion of curing {unknown}
 o - a potion of cancellation {unknown}
 u - a potion of might


   Skills:
 + Level 5.9 Fighting
 + Level 7.4 Short Blades
 + Level 4.6 Armour
 - Level 4.0 Shields
 * Level 4.1 Hexes
 * Level 5.4 Invocations


You had 4 spell levels left.
You knew the following spells:

 Your Spells              Type           Power      Damage    Failure   Level
a - Slow                  Hex            28%        N/A       4%          1
b - Confusing Touch       Hex            7%         N/A       13%         3

Your spell library contained the following spells:

 Spells                   Type           Power      Damage    Failure   Level
 Foxfire                  Conj/Fire      0%         2x1d4     24%         1
 Inner Flame              Hex/Fire       3%         N/A       30%         3
 Conjure Flame            Conj/Fire      0%         6-21      54%         3
 Vampiric Draining        Necr           0%         2d6       54%         3
 Flame Wave               Conj/Fire      0%         2d4       90%         4


Dungeon Overview and Level Annotations

Branches:
Dungeon (6/15)             Temple (1/1) D:4

Altars:
Ashenzari
Cheibriados
Dithmenos
Elyvilon
Fedhas
Gozag
Hepliaklqana
Kikubaaqudgha
Makhleb
Nemelex Xobeh
Okawaru
Ru
Sif Muna
Trog
Uskayaw
Vehumet
Wu Jian
Xom
Yredelemnul
Zin
The Shining One

Shops:
D:2 *

Annotations:
D:3 2 transporters, Acetwo5's ghost, amateur MiFi


Innate Abilities, Weirdness & Mutations

You have a pair of small horns on your head.
You are partially covered in razor-sharp scales. (AC +1, Slay +1)
Spells you cast may paralyse adjacent enemies.


Message History

The bolt of electricity hits you!
* * * LOW HITPOINT WARNING * * *
Your unstable footing causes you to fumble your attack.
Unknown command.
You feel much better.
Unknown command.
You are too injured to fight recklessly!
Unknown command.
Aiming: Slow (safe; 4% risk of failure)
Press: ? - help, Q - select action, (/) - cycle Shift-Dir - straight line, f/p - electric eel
Aim: an electric eel (moderately wounded, chance to affect: 52%)
The electric eel seems to slow down.
Malevolent energies surge around you.
Unknown command.
Unknown command.
Your unstable footing causes you to fumble your attack.
Your unstable footing causes you to fumble your attack.
The electric eel shoots out a bolt of lightning at you!
The bolt of electricity hits you!
Unknown command.
Your unstable footing causes you to fumble your attack.
Unknown command.
Your unstable footing causes you to fumble your attack.
Your unstable footing causes you to fumble your attack.
The electric eel shoots out a bolt of lightning at you!
The bolt of electricity hits you!
* * * LOW HITPOINT WARNING * * *
You hit the electric eel.
The electric eel is heavily wounded.
Unknown command.
Aiming: Slow (safe; 4% risk of failure)
Press: ? - help, Q - select action, (/) - cycle Shift-Dir - straight line, f/p - electric eel
Aim: an electric eel (heavily wounded, slow, chance to affect: 52%)
The electric eel seems to slow down.
Malevolent energies surge around you.
The electric eel suddenly stops moving!
The electric eel looks more healthy.
The electric eel shoots out a bolt of lightning at you!
The bolt of electricity hits you!
* * * LOW HITPOINT WARNING * * *
The bolt of electricity hits you.
You die...

#####'### #.# #..#
≈. #.# ##''## .
#.##### #....#
≈#### #......
#....# ≈≈≈≈≈
####### #....#
≈≈≈≈≈≈ #
#....######≈≈≈≈≈#
#
#.####.#≈≈≈S≈≈≈≈≈≈
# ≈≈#
##≈≈≈@S≈≈≈≈≈≈ #
.≈## ###≈≈≈≈≈≈≈≈≈
# # ########## ##
#.. .#. #..... ###
#.##.# #.. #..#>#
#.# ...#####....#
#># ....<..<....#
#.#


You could see 2 electric eels.

Vanquished Creatures
  Grinder (D:3)
  A water moccasin (D:5)
  An orc warrior (D:5)
  2 sky beasts (D:5)
  A necrophage (D:6)
  2 ogres (D:6)
  A phantom (D:5)
  A bullfrog (D:6)
  Blork the orc (D:5)
  A scorpion (D:2)
  A water moccasin zombie (D:5)
  A water moccasin skeleton (D:4)
  3 killer bees (D:6)
  A howler monkey (D:5)
  5 wights (D:5)
  An electric eel (D:6)
  2 hounds (D:5)
  3 orc priests
  7 iguanas
  3 orc wizards
  Natasha (thrice) (D:3)
  A hound zombie (D:5)
  6 adders
  A howler monkey skeleton (D:5)
  12 river rats (D:5)
  3 adder skeletons
  A worm (D:4)
  3 dart slugs
  11 orcs
  4 ball pythons
  6 endoplasms
  3 giant cockroaches
  5 goblins
  4 hobgoblins
  5 jackals
  7 quokkas
  5 bats
  2 frilled lizards
  2 kobolds (D:3)
  17 rats
140 creatures vanquished.

Notes
Turn   | Place    | Note
-------+----------+-------------------------------------------
     0 | D:1      | ytrimaz the Demonspawn Fighter began the quest for the Orb.
     0 | D:1      | Reached XP level 1. HP: 18/18 MP: 1/1
   278 | D:1      | Gained mutation: You are partially covered in razor-sharp
                  | scales. (AC +1, Slay +1) [demonic ancestry]
   278 | D:1      | Reached XP level 2. HP: 22/24 MP: 2/2
   453 | D:1      | Found a faded altar of an unknown god.
   476 | D:1      | Reached skill level 2 in Short Blades
  1164 | D:2      | Reached XP level 3. HP: 29/29 MP: 3/3
  1375 | D:2      | Found Ihey's General Store.
  1562 | D:2      | Noticed a scorpion
  1580 | D:2      | Killed a scorpion
  1581 | D:2      | Reached XP level 4. HP: 18/35 MP: 4/4
  1995 | D:2      | Identified the +3 leather armour "Rauh" {rC+ Str+5}
  2217 | D:2      | Reached skill level 3 in Short Blades
  2217 | D:2      | Gained mutation: Spells you cast may paralyse adjacent
                  | enemies. [demonic ancestry]
  2217 | D:2      | Reached XP level 5. HP: 15/41 MP: 5/5
  2438 | D:3      | Found a transporter.
  2516 | D:3      | Found a transporter.
  2588 | D:3      | Learned a level 1 spell: Slow
  2681 | D:3      | Noticed Natasha
  2687 | D:3      | Killed Natasha
  2707 | D:3      | Noticed Natasha
  2720 | D:3      | Killed Natasha
  2788 | D:3      | Noticed Natasha
  2802 | D:3      | Killed Natasha
  2803 | D:3      | Gained mutation: You have a pair of small horns on your
                  | head. [demonic ancestry]
  2803 | D:3      | Reached XP level 6. HP: 18/48 MP: 6/6
  3013 | D:3      | Noticed Grinder
  3013 | D:3      | Paralysed by Grinder for 2 turns
  3022 | D:3      | Paralysed by Grinder for 5 turns
  3029 | D:3      | Killed Grinder
  3030 | D:3      | Reached skill level 4 in Short Blades
  3030 | D:3      | Reached skill level 1 in Hexes
  3483 | D:3      | Noticed Acetwo5's ghost (amateur MiFi)
  3597 | D:4      | Reached XP level 7. HP: 54/54 MP: 3/7
  3891 | D:4      | Found a staircase to the Ecumenical Temple.
  3911 | Temple   | Entered the Ecumenical Temple
  4192 | Temple   | Became a worshipper of Warmaster Okawaru
  4621 | D:5      | Entered Level 5 of the Dungeon
  4640 | D:5      | Noticed Blork the orc
  4650 | D:5      | Reached skill level 5 in Short Blades
  4650 | D:5      | Reached skill level 1 in Invocations
  4653 | D:5      | Killed Blork the orc
  4696 | D:5      | Reached * piety under Okawaru
  4697 | D:5      | Reached XP level 8. HP: 58/61 MP: 1/10
  4948 | D:5      | Reached skill level 6 in Short Blades
  5092 | D:5      | Reached skill level 5 in Fighting
  5541 | D:5      | Learned a level 3 spell: Confusing Touch
  5606 | D:5      | Reached ** piety under Okawaru
  5926 | D:5      | Reached skill level 7 in Short Blades
  6435 | D:6      | Reached skill level 5 in Invocations
  6495 | D:6      | Reached XP level 9. HP: 52/69 MP: 8/12
  7090 | D:6      | Killed from afar by an electric eel

Illustrated notes

Levels and vault maps discovered:
D:1:      onia_arrival_pyramid, layout_loops_cross,
          shapermc_ecumenical_altar_venn
D:2:      minmay_wonky_spiral, layout_loops_ring, serial_shops,
          nicolae_diamond_shop
D:3:      layout_loops_cross, gammafunk_ghost_stat_death, uniq_grinder,
          uniq_natasha
D:4:      layout_cave_pools, minmay_temple_entry_offerings,
          hangedman_decor_growths
D:5:      lemuel_ratsnest, layout_loops_ring, minmay_misc_feat_pillars,
          uniq_blork_the_orc
D:6:      wad_lake_hut, layout_loops_ring
Temple:   roderic_octagonal_lattice_temple

Skill      XL: |  1  2  3  4  5  6  7  8  9 |
---------------+----------------------------+-----
Armour         | 3 4 |  4.6
Short Blades   | 2 3 4 5 7 |  7.4
Shields        | 3 4 |  4.0
Fighting       | 4 5 |  5.9
Hexes          | 1 2 3 4 |  4.1
Invocations    | 3 5 |  5.4

Action                   |  1- 3 |  4- 6 |  7- 9 || total
-------------------------+-------+-------+-------++-------
Melee: Rapier            |    86 |   106 |   289 ||   481
       Headbutt          |       |     6 |    58 ||    64
       Dagger            |       |       |    10 ||    10
 Cast: Slow              |       |     4 |    89 ||    93
Invok: Heroism           |       |       |     1 ||     1
  Use: Scroll            |     4 |     2 |     4 ||    10
       Potion            |     3 |     1 |     2 ||     6
 Stab: Paralysed         |       |     1 |    44 ||    45
Armor: Scale mail        |    41 |       |       ||    41
       Skin              |     8 |       |       ||     8
       Leather armour    |       |    34 |    60 ||    94
Dodge: Dodged            |    39 |    43 |    69 ||   151
Block: Buckler           |    23 |    16 |   124 ||   163
       Reflection        |       |       |     2 ||     2
